 Dungeon Crawl Stone Soup version 0.23-a0-584-g44dd78f (webtiles) character file.

181812 rageheart7 the Bludgeoner (level 18, -14/119 HPs)
             Began as a Gargoyle Abyssal Knight on Dec 18, 2018.
             Was a High Priest of Lugonu.
             Killed from afar by a deep elf sorcerer (32 damage)
             ... with damnation
             ... on level 3 of the Elven Halls.
             The game lasted 01:09:48 (28813 turns).

rageheart7 the Bludgeoner (GrAK)                   Turns: 28813, Time: 01:09:49

Health: -14/119    AC: 39    Str: 27    XL:     18   Next: 31%
Magic:  28/29      EV: 19    Int: 10    God:    Lugonu [*****.]
Gold:   1684       SH:  0    Dex: 23    Spells: 12/17 levels left

rFire    + . .     SeeInvis +   C - +8 quarterstaff of Dim Light {venom, MR+ Int-4 Dex+5}
rCold    + . .     Gourm    .   (shield currently unavailable)
rNeg     + . .     Faith    .   u - +8 chain mail "Geretam" {rCorr Str+4}
rPois    ∞         Spirit   .   (no helmet)
rElec    +         Reflect  .   a - scarf {rC+ rF+}
rCorr    +         Harm     .   k - +3 pair of gloves of Untruth {Str+4}
MR       ++++.     Rnd*Rage +   (no boots)
Stlth    ..........             e - amulet of regeneration
HPRegen  0.69/turn              H - ring "Nuseliup" {EV+3 Dex+3 SInv}
MPRegen  0.21/turn              G - ring "Dehitan" {+Fly rElec MR++ Dex+2}

@: flying
A: big wings, berserk 1, clumsy 1, negative energy resistance 1, electricity
resistance, strong 1, unbreathing, petrification resistance, no potion heal 1,
rot immunity, AC +13
a: Stop Flying, Depart the Abyss, Bend Space, Banish, Corrupt, Enter the Abyss,
Renounce Religion


You were on level 3 of the Elven Halls.
You worshipped Lugonu.
Lugonu was extremely pleased with you.
You were not hungry.

You visited 4 branches of the dungeon, and saw 26 of its levels.
You visited the Abyss 2 times.
You also visited: Sewer and Desolation.

You collected 2724 gold pieces.
You spent 1040 gold pieces at shops.

Inventory:

Hand Weapons
 p - a +1 antimagic lajatang
 C - the +8 quarterstaff of Dim Light (weapon) {venom, MR+ Int-4 Dex+5}
   (You found it on level 8 of the Dungeon)

   It poisons the flesh of those it strikes.
   It affects your intelligence (-4).
   It affects your dexterity (+5).
   It affects your resistance to hostile enchantments.
 D - a +6 demon whip of flaming
Armour
 a - a scarf of resistance (worn)
 k - the +3 pair of gloves of Untruth (worn) {Str+4}
   (You found it on level 4 of the Dungeon)

   It affects your strength (+4).
 u - the +8 chain mail "Geretam" (worn) {rCorr Str+4}
   (You found it on level 13 of the Dungeon)

   It affects your strength (+4).
   It provides partial protection from all sources of acid and corrosion.
Jewellery
 e - an amulet of regeneration (around neck)
 m - an uncursed ring of protection from fire
 z - a +3 amulet of reflection
 G - the ring "Dehitan" (right hand) {+Fly rElec MR++ Dex+2}
   (You found it in the Desolation of Salt)

   [ring of flight]

   It affects your dexterity (+2).
   It insulates you from electricity.
   It affects your resistance to hostile enchantments.
   It lets you fly.
 H - the ring "Nuseliup" (left hand) {EV+3 Dex+3 SInv}
   (You found it in the Desolation of Salt)

   [ring of evasion]

   It affects your evasion (+3).
   It affects your dexterity (+3).
   It lets you see invisible.
 N - an uncursed ring of protection from cold
Wands
 b - a wand of disintegration (18)
 g - a wand of random effects (8)
 q - a wand of acid (16)
 y - a wand of digging (8)
Scrolls
 h - 11 scrolls of remove curse
 n - a scroll of identify
 o - a scroll of blinking
 r - a scroll of teleportation
 s - 3 scrolls of enchant armour
 x - 2 scrolls of fog
 J - 3 scrolls of amnesia
Potions
 d - a potion of cancellation
 f - 3 potions of magic
 i - a potion of might
 l - 3 potions of brilliance
 t - 2 potions of agility
 E - a potion of haste
Miscellaneous
 B - a phantom mirror
 O - a lamp of fire
Comestibles
 c - 47 rations
 j - 4 chunks of flesh


   Skills:
 - Level 15.0 Fighting
 * Level 18.3 Maces & Flails
 - Level 15.3 Armour
 * Level 8.5 Dodging
 * Level 15.8 Invocations
 - Level 0.4 Evocations


You had 12 spell levels left.
You knew the following spells:

 Your Spells              Type           Power        Failure   Level  Hunger
a - Bolt of Magma         Conj/Fire/Erth #.........   100%        5    ######.

Your spell library contained the following spells:

 Spells                   Type           Power        Failure   Level  Hunger
 Confusing Touch          Hex            #.....       80%         1    ##.....
 Corona                   Hex            #......      80%         1    ##.....
 Magic Dart               Conj           #...         80%         1    ##.....
 Shock                    Conj/Air       #...         80%         1    ##.....
 Sting                    Conj/Pois      #...         80%         1    ##.....
 Summon Small Mammal      Summ           #...         80%         1    ##.....
 Blink                    Tloc           N/A          90%         2    ###....
 Call Imp                 Summ           #.......     90%         2    ###....
 Corpse Rot               Necr           N/A          90%         2    ###....
 Ensorcelled Hibernation  Hex/Ice        #.....       90%         2    ###....
 Poisonous Vapours        Pois/Air       #.....       90%         2    ###....
 Slow                     Hex            #.......     90%         2    ###....
 Swiftness                Chrm/Air       #.......     90%         2    ###....
 Throw Flame              Conj/Fire      #.....       90%         2    ###....
 Call Canine Familiar     Summ           #.......     99%         3    ####...
 Confuse                  Hex            #.......     99%         3    ####...
 Conjure Flame            Conj/Fire      #.......     99%         3    ####...
 Dazzling Spray           Conj/Hex       #.....       99%         3    ####...
 Gell's Gravitas          Tloc           #.........   99%         3    ####...
 Ignite Poison            Fire/Tmut/Pois #.......     99%         3    ####...
 Lesser Beckoning         Tloc           #.........   99%         3    ####...
 Mephitic Cloud           Conj/Pois/Air  #.......     99%         3    ####...
 Ozocubu's Armour         Chrm/Ice       #.......     99%         3    ####...
 Recall                   Summ/Tloc      N/A          99%         3    ####...
 Spider Form              Tmut/Pois      #.........   99%         3    ####...
 Static Discharge         Conj/Air       #.......     99%         3    ####...
 Stone Arrow              Conj/Erth      #.....       99%         3    ####...
 Summon Guardian Golem    Hex/Summ       #.......     99%         3    ####...
 Tukima's Dance           Hex            #.......     99%         3    ####...
 Airstrike                Air            #.........   100%        4    #####..
 Animate Dead             Necr           N/A          100%        4    #####..
 Fulminant Prism          Conj/Hex       #.........   100%        4    #####..
 Iskenderun's Mystic Bla  Conj           #.......     100%        4    #####..
 Leda's Liquefaction      Hex/Erth       #.........   100%        4    #####..
 Petrify                  Tmut/Erth      #.......     100%        4    #####..
 Sticky Flame             Conj/Fire      #.......     100%        4    #####..
 Summon Ice Beast         Ice/Summ       #.......     100%        4    #####..
 Summon Lightning Spire   Summ/Air       #.......     100%        4    #####..
 Alistair's Intoxication  Tmut/Pois      #.......     100%        5    ######.
 Aura of Abjuration       Summ           #.........   100%        5    ######.
 Bolt of Draining         Conj/Necr      #.........   100%        5    ######.
 Borgnjor's Vile Clutch   Necr/Erth      #.........   100%        5    ######.
 Fireball                 Conj/Fire      #.........   100%        5    ######.
 Iskenderun's Battlesphe  Conj/Chrm      #.......     100%        5    ######.
 Lightning Bolt           Conj/Air       #.........   100%        5    ######.
 Metabolic Englaciation   Hex/Ice        #.........   100%        5    ######.
 Summon Demon             Summ           #.........   100%        5    ######.
 Summon Forest            Summ/Tloc      #.........   100%        5    ######.
 Summon Mana Viper        Hex/Summ       #.......     100%        5    ######.
 Venom Bolt               Conj/Pois      #.........   100%        5    ######.
 Yara's Violent Unravell  Hex/Tmut       #.........   100%        5    ######.
 Bolt of Cold             Conj/Ice       #.........   100%        6    #######
 Bolt of Fire             Conj/Fire      #.........   100%        6    #######
 Death Channel            Necr           #.........   100%        6    #######
 Freezing Cloud           Conj/Ice/Air   #.........   100%        6    #######
 Hydra Form               Tmut           #.........   100%        6    #######
 Iron Shot                Conj/Erth      #.........   100%        6    #######
 Shadow Creatures         Summ           N/A          100%        6    #######
 Simulacrum               Ice/Necr       #.........   100%        6    #######
 Orb of Destruction       Conj           #.........   100%        7    #######
 Ring of Flames           Chrm/Fire      #.........   100%        7    #######
 Spellforged Servitor     Conj/Summ      #.........   100%        7    #######
 Summon Hydra             Summ           #.........   100%        7    #######
 Ignition                 Fire           #.........   100%        8    #######


Dungeon Overview and Level Annotations

Branches:
Dungeon (15/15)            Temple (0/1) D:7            Lair (6/6) D:11
 Shoals (0/4) Lair:3       Spider (0/4) Lair:2        Slime (0/5) Lair:6
    Orc (2/2) D:12            Elf (3/3) Orc:2        Vaults (0/5) D:13
 Depths (0/5) D:15

Altars:
Ashenzari
Dithmenos
Elyvilon
Gozag
Kikubaaqudgha
Makhleb
Nemelex Xobeh
Okawaru
Qazlal
Ru
Sif Muna
Uskayaw
Vehumet
Xom
Yredelemnul
Zin
The Shining One
Beogh

Shops:
D:2 *   D:6 (   D:8 :   Orc:2 %}[(:

Annotations:
Lair:5 exclusion: 4 oklob plants
Elf:2 corrupted
Elf:3 corrupted
Abyss:1 Saint Roka


Innate Abilities, Weirdness & Mutations

You are resistant to torment.
Your stone body is resilient. (AC +13)
You are immune to poison.
Your large and strong wings let you fly indefinitely.
You resist negative energy. (rN+)
You are resistant to electric shocks. (rElec)
You can survive without breathing.
You are immune to petrification.
You are immune to rotting.
You tend to lose your temper in combat.
You are clumsy. (Dex -2)
Your muscles are strong. (Str +2)
Potions are less effective at restoring your health.


Message History

You hear a shout!
There is an open door, spattered with blood here.
You closely miss the deep elf annihilator.
The deep elf annihilator is heavily wounded.
The deep elf sorcerer hits you with a +0 short sword.
The deep elf knight mumbles some strange words.
The deep elf knight seems to speed up.
The deep elf sorcerer closely misses you.
Unknown command.
You barely miss the deep elf annihilator.
The deep elf annihilator is heavily wounded.
The deep elf knight casts a spell.
The deep elf knight seems to speed up.
The deep elf annihilator gestures at you while chanting.
The crystal spear hits you!
* * * LOW HITPOINT WARNING * * *
Space bends around you!
You blink.
The deep elf sorcerer casts a spell at you.
The sphere of damnation explodes!
The damnation engulfs you!
You die...

##.....#'## ##.....##
########.## ##...## #
##.### ##### # ##E.#
# #e§#### # #Eee..##
#### ####e....##
...#E.###.#E.E....#
.)e..)...<[.....@.#
...#####..#.e.....#
##.#########.....##
###...#####'#...#'##
'.......##'###'###.##
### ........[e## #.#
##.###.###
....s)....# #.#
##'.....###
...e.e....# #.#
#.........#
.....r....# #.#
#.........#


You could see a deep elf annihilator, a deep elf sorcerer, a deep elf
elementalist, 2 deep elf knights, 4 earth elementals and a deep elf mage.

Vanquished Creatures
  Rupert (Lair:4)
  2 deep elf master archers (Elf:3)
  2 deep elf blademasters (Elf:2)
  Agnes (Elf:2)
  A fire giant (D:15)
  2 deep elf sorcerers (Elf:2)
  2 angels (Elf:2)
  An orc warlord (Elf:3)
  3 deep elf elementalists
  3 deep elf demonologists (Elf:3)
  A deep elf annihilator (Elf:1)
  Azrael (Elf:2)
  Snorg (D:10)
  A deep elf death mage (Elf:3)
  A crystal guardian (Desolation)
  An ettin (Orc:1)
  3 ragged hierophants (Desolation)
  A deep elf high priest (Elf:3)
  Josephine (D:13)
  Fannar (Orc:1)
  A catoblepas (Lair:2)
  A servant of whispers (Desolation)
  3 peacekeepers
  Harold (D:9)
  A hydra (Lair:6)
  An ice dragon (Lair:5)
  5 centaur warriors
  6 death yaks (Lair:6)
  7 two-headed ogres
  23 dancing weapons
  4 orc high priests
  A tengu warrior (D:13)
  3 thrashing horrors (Abyss:1)
  Urug (Lair:2)
  An ogre mage (D:13)
  10 deep elf knights
  3 skeletal warriors
  A wretched star (Abyss:1)
  A sixfirhy (Abyss:1)
  2 flayed ghosts
  A death drake (Elf:1)
  4 unseen horrors
  An ironbrand convoker (Desolation)
  2 mana vipers (Elf:1)
  47 deep elf magi
  2 wolf spider zombies (D:15)
  3 orc knights
  9 deep elf archers
  7 cyclopes
  6 manticores
  A wolf spider (D:8)
  21 ugly things
  4 orc sorcerers
  An oklob plant (Orc:1)
  3 black mambas
  15 elephants
  Joseph (Lair:1)
  2 guardian serpents (Desolation)
  A smoke demon (Abyss:1)
  15 spiny frogs
  2 gargoyles
  2 torpor snails (Lair:6)
  4 centaur skeletons
  2 yaktaurs
  A rime drake (Lair:2)
  7 komodo dragons
  3 ancient zymes (Abyss:1)
  A freezing wraith (D:8)
  2 trolls (Orc:1)
  6 hornets
  A wolf spider simulacrum (D:12)
  11 saltlings
  Prince Ribbit (D:7)
  9 blink frogs
  23 dream sheep
  A snapping turtle (Lair:3)
  8 polar bears
  10 hippogriffs
  A meliai zombie (D:13)
  4 centaur simulacra (D:12)
  12 spriggans
  3 air elementals
  6 wraiths
  6 redbacks
  4 water elementals
  Eustachio (D:6)
  A vampire (D:10)
  2 basilisks
  4 hungry ghosts
  3 wyverns
  19 yaks
  2 large abominations (Abyss:1)
  Grum (D:9)
  A fire elemental (Elf:1)
  Edmund (D:6)
  3 vampire mosquitoes (D:12)
  2 acid dragons
  A soldier ant (D:15)
  Menkaure (D:7)
  17 water moccasins
  11 porcupines
  A black bear (shapeshifter) (D:8)
  A hornet zombie (D:12)
  5 sky beasts
  A necrophage (D:7)
  An eye of draining (shapeshifter) (D:10)
  33 orc warriors
  2 phantoms
  6 black bears
  2 ice beasts
  3 boggarts (Lair:6)
  15 centaurs
  16 ogres
  26 wolves
  5 big kobolds (Sewer)
  11 crocodiles
  An earth elemental (Elf:1)
  15 bullfrogs
  2 small abominations (Abyss:1)
  2 wyvern skeletons (D:14)
  6 scorpions
  A killer bee (D:9)
  8 wights
  2 howler monkeys
  3 centaur zombies
  6 electric eels
  5 crimson imps
  3 bullfrog zombies
  6 starcursed masses (Abyss:1)
  6 jellies
  A wyvern simulacrum (D:12)
  5 hounds
  2 quasits
  3 bullfrog skeletons
  26 orc priests
  30 orc wizards
  2 iron imps (Abyss:1)
  3 iguanas
  Natasha (D:3)
  11 worker ants
  8 ogre zombies (D:12)
  A bullfrog simulacrum (D:12)
  A hound zombie (D:9)
  A hound skeleton (D:9)
  A howler monkey skeleton (D:7)
  14 adders
  3 river rats (Sewer)
  4 shadow imps
  9 white imps
  2 ufetubi (D:12)
  9 oozes
  2 adder skeletons
  2 adder zombies
  5 worms
  5 dart slugs
  4 leopard geckos
  86 orcs
  5 bats
  5 giant cockroaches
  5 goblins
  5 hobgoblins
  3 jackals (D:3)
  5 quokkas
  4 ball pythons
  6 frilled lizards
  2 goblin zombies (D:12)
  A hobgoblin skeleton (D:12)
  4 hobgoblin zombies (D:12)
  13 kobolds
  2 orc skeletons (D:12)
  15 orc zombies (D:12)
  A quokka skeleton (D:8)
  2 quokka zombies
  12 rats
  A spectral orc (D:4)
  A fungus (D:11)
  A plant (D:11)
980 creatures vanquished.

Vanquished Creatures (collateral kills)
  A redback (shapeshifter) (D:8)
1 creature vanquished.

Vanquished Creatures (others)
  3 imperial myrmidons (Desolation)
  A deep elf elementalist (Elf:2)
  A crystal guardian (Desolation)
  5 ragged hierophants (Desolation)
  3 servants of whispers (Desolation)
  5 peacekeepers (Desolation)
  2 hydras
  2 dancing weapons
  A two-headed ogre (Elf:3)
  An orc high priest (Elf:3)
  8 deep elf knights
  A deep elf archer (Elf:2)
  3 orc knights (Elf:3)
  14 deep elf magi
  A guardian serpent (Desolation)
  38 saltlings (Desolation)
  A water elemental (Elf:2)
  A fire elemental (Elf:2)
  3 hell hounds (Elf:2)
  10 orc warriors (Elf:3)
  6 orc priests (Elf:3)
  19 fungi
  13 plants
  12 starspawn tentacles
  3 toadstools (D:12)
157 creatures vanquished.

Grand Total: 1138 creatures vanquished

Notes
Turn   | Place    | Note
-------+----------+-------------------------------------------
     0 | Abyss:1  | rageheart7 the Gargoyle Abyssal Knight began the quest for
                  | the Orb.
     0 | Abyss:1  | Reached XP level 1. HP: 14/14 MP: 2/2
    11 | D:1      | Escaped the Abyss
   200 | D:1      | Reached XP level 2. HP: 19/19 MP: 3/3
   603 | D:1      | Reached XP level 3. HP: 24/24 MP: 4/4
   830 | D:2      | Found Zin's Purification Station.
   833 | D:2      | Found a glowing silver altar of Zin.
   859 | D:2      | Reached ** piety under Lugonu
   916 | D:2      | Found a faded altar of an unknown god.
   921 | D:2      | Reached skill level 3 in Maces & Flails
   921 | D:2      | Reached XP level 4. HP: 24/29 MP: 5/5
  1761 | D:3      | Found an iron altar of Okawaru.
  1804 | D:3      | Noticed a water elemental
  1806 | D:3      | Noticed a fire elemental
  1808 | D:3      | Found a stormy altar of Qazlal.
  1809 | D:3      | Noticed an air elemental
  1809 | D:3      | Noticed an earth elemental
  1833 | D:3      | Reached XP level 5. HP: 34/34 MP: 6/6
  1863 | D:3      | Found a glowing drain.
  1873 | Sewer    | Entered a sewer
  1903 | Sewer    | Reached skill level 4 in Maces & Flails
  2040 | Sewer    | Noticed a big kobold
  2065 | Sewer    | Killed a big kobold
  2065 | Sewer    | Reached skill level 5 in Fighting
  2065 | Sewer    | Reached XP level 6. HP: 40/40 MP: 7/7
  2156 | Sewer    | Gained mutation: Your body sometimes deteriorates upon
                  | taking damage. [potion of mutation]
  2156 | Sewer    | Gained mutation: You have large cloven feet. [potion of
                  | mutation]
  2156 | Sewer    | Gained mutation: You are robust. (+10% HP) [potion of
                  | mutation]
  2158 | Sewer    | Reached skill level 5 in Maces & Flails
  2174 | Sewer    | Reached *** piety under Lugonu
  2358 | Sewer    | Reached skill level 6 in Maces & Flails
  2358 | Sewer    | Reached XP level 7. HP: 44/48 MP: 8/8
  2642 | D:3      | Found a shadowy altar of Dithmenos.
  2735 | D:3      | Noticed Natasha
  2746 | D:3      | Killed Natasha
  2909 | D:4      | Got a pair of ichor-stained gloves
  2915 | D:4      | Identified the +3 pair of gloves of Untruth {Str+4} (You
                  | found it on level 4 of the Dungeon)
  2916 | D:4      | Found a shattered altar of Ashenzari.
  3164 | D:4      | Reached skill level 7 in Maces & Flails
  3197 | D:4      | Found a burning altar of Makhleb.
  3278 | D:4      | Reached XP level 8. HP: 56/56 MP: 9/9
  3519 | D:4      | Found a basalt altar of Yredelemnul.
  4002 | D:5      | Entered Level 5 of the Dungeon
  4344 | D:5      | Reached skill level 8 in Maces & Flails
  4412 | D:5      | Found a deep blue altar of Sif Muna.
  4489 | D:5      | Found a glowing golden altar of the Shining One.
  4501 | D:5      | Reached **** piety under Lugonu
  4541 | D:5      | Found a sparkling altar of Nemelex Xobeh.
  5231 | D:6      | Noticed Edmund
  5252 | D:6      | Reached skill level 9 in Maces & Flails
  5265 | D:6      | Killed Edmund
  5400 | D:6      | Reached XP level 9. HP: 62/62 MP: 10/10
  5414 | D:6      | Found Laotur's Antique Weapon Boutique.
  5441 | D:6      | Reached skill level 10 in Maces & Flails
  5472 | D:6      | Noticed Eustachio
  5484 | D:6      | Killed Eustachio
  5671 | D:7      | Found an opulent altar of Gozag.
  5775 | D:7      | Noticed Prince Ribbit
  5786 | D:7      | Killed Prince Ribbit
  5816 | D:7      | Noticed Menkaure
  5822 | D:7      | Killed Menkaure
  6008 | D:7      | Found a staircase to the Ecumenical Temple.
  6013 | D:7      | Reached skill level 11 in Maces & Flails
  6355 | D:8      | Found Migyish's Book Shop.
  6464 | D:8      | Reached XP level 10. HP: 57/71 MP: 11/11
  6808 | D:8      | Reached ***** piety under Lugonu
  6851 | D:8      | Reached skill level 12 in Maces & Flails
  6907 | D:8      | Found a runed door.
  6907 | D:8      | Noticed a cyclops
  6907 | D:8      | Noticed a wolf spider
  6909 | D:8      | Noticed a centaur warrior
  6909 | D:8      | Noticed a flayed ghost
  7045 | D:8      | Killed a flayed ghost
  7053 | D:8      | Killed a wolf spider
  7069 | D:8      | Killed a cyclops
  7075 | D:8      | Killed a centaur warrior
  7075 | D:8      | Reached skill level 10 in Fighting
  7075 | D:8      | Reached skill level 13 in Maces & Flails
  7082 | D:8      | Identified Vigiwkih's Theurgy Continued
  7088 | D:8      | Got a crystal quarterstaff
  7093 | D:8      | Identified the +8 quarterstaff of Dim Light {venom, MR+
                  | Int-4 Dex+5} (You found it on level 8 of the Dungeon)
  7187 | D:9      | Found a shimmering altar of Xom.
  7202 | D:9      | Noticed Harold
  7211 | D:9      | Reached XP level 11. HP: 72/79 MP: 12/12
  7228 | D:9      | Killed Harold
  7245 | D:9      | Noticed Grum
  7257 | D:9      | Killed Grum
  7541 | D:9      | Found a hide-covered altar of Uskayaw.
  7700 | D:9      | Lost mutation: You are robust. (+10% HP) [potion of
                  | mutation]
  7700 | D:9      | Lost mutation: Your body sometimes deteriorates upon taking
                  | damage. [potion of mutation]
  7700 | D:9      | Gained mutation: You are somewhat resistant to further
                  | mutation. [potion of mutation]
  7700 | D:9      | Gained mutation: You have a pair of small antennae on your
                  | head. [potion of mutation]
  7724 | D:10     | Entered Level 10 of the Dungeon
  7744 | D:10     | Noticed a two-headed ogre
  7754 | D:10     | Killed a two-headed ogre
  7754 | D:10     | Reached skill level 14 in Maces & Flails
  8312 | D:10     | Noticed a deep elf mage
  8328 | D:10     | Killed a deep elf mage
  8538 | D:11     | Noticed Snorg
  8551 | D:11     | Noticed a seven-headed hydra
  8808 | D:10     | Killed Snorg
  8932 | D:11     | Noticed a green ugly thing
  8961 | D:11     | Killed a green ugly thing
  8973 | D:11     | Reached XP level 12. HP: 67/80 MP: 14/14
  8993 | D:11     | Found a staircase to the Lair.
  9007 | D:11     | Reached skill level 15 in Maces & Flails
  9475 | D:12     | Noticed an eight-headed hydra
  9493 | D:11     | Banished an eight-headed hydra
  9682 | D:12     | Found a staircase to the Orcish Mines.
  9720 | D:12     | Reached skill level 5 in Invocations
  9766 | D:12     | Reached ****** piety under Lugonu
  9808 | D:12     | Reached skill level 5 in Armour
  9891 | D:12     | Found an ancient bone altar of Kikubaaqudgha.
 10308 | D:10     | Banished a seven-headed hydra
 10681 | D:12     | Reached XP level 13. HP: 84/84 MP: 18/18
 10710 | D:12     | Reached skill level 16 in Maces & Flails
 11259 | D:13     | Found a gate to the Vaults.
 11496 | D:13     | Got a smelly chain mail
 11507 | D:13     | Identified the +8 chain mail "Geretam" {rCorr Str+4} (You
                  | found it on level 13 of the Dungeon)
 11701 | D:13     | Noticed Josephine
 11710 | D:13     | Killed Josephine
 12442 | D:14     | Found a sacrificial altar of Ru.
 12561 | D:14     | Reached skill level 10 in Armour
 12724 | D:14     | Gained mutation: Your large and strong wings let you fly
                  | indefinitely. [Gargoyle growth]
 12724 | D:14     | Reached XP level 14. HP: 70/90 MP: 21/21
 12789 | D:14     | Reached skill level 10 in Invocations
 13361 | D:15     | Entered Level 15 of the Dungeon
 13729 | D:15     | Found a staircase to the Depths.
 13746 | D:15     | Noticed a fire giant
 13954 | D:15     | Killed a fire giant
 14396 | Lair:1   | Entered Level 1 of the Lair of Beasts
 14845 | Lair:1   | Noticed Joseph
 14857 | Lair:1   | Killed Joseph
 15063 | Lair:2   | Noticed Urug
 15088 | Lair:2   | Killed Urug
 15094 | Lair:2   | Got a translucent great sword
 15179 | Lair:2   | Found a hole to the Spider Nest.
 16046 | Lair:3   | Reached XP level 15. HP: 79/95 MP: 23/23
 16120 | Lair:3   | Found a staircase to the Shoals.
 16586 | Lair:3   | Identified the +3 great sword of Overwhelming Force {elec,
                  | rElec rF- MR+} (You found it on level 2 of the Lair of
                  | Beasts)
 17012 | Lair:4   | Got a bloodstained broad axe
 17013 | Lair:4   | Identified the +5 broad axe of Poowkoc {drain, *Rage Str+7
                  | SInv} (You found it on level 4 of the Lair of Beasts)
 17275 | Lair:4   | Noticed Rupert
 17298 | Lair:4   | Killed Rupert
 17668 | Lair:5   | Reached skill level 15 in Armour
 18449 | Lair:6   | Entered Level 6 of the Lair of Beasts
 18533 | Lair:6   | Found a staircase to the Slime Pits.
 18706 | Lair:6   | Reached skill level 17 in Maces & Flails
 19796 | Lair:6   | Reached XP level 16. HP: 98/104 MP: 24/24
 20353 | Orc:1    | Entered Level 1 of the Orcish Mines
 20585 | Orc:1    | Noticed Fannar
 20597 | Orc:1    | Killed Fannar
 20932 | Orc:2    | Entered Level 2 of the Orcish Mines
 20955 | Orc:2    | Found Bayn's Book Boutique.
 21211 | Orc:2    | Found a roughly hewn altar of Beogh.
 21272 | Orc:2    | Found a staircase to the Elven Halls.
 21462 | Orc:2    | Found a radiant altar of Vehumet.
 21560 | Orc:2    | Found a roughly hewn altar of Beogh.
 21873 | Orc:2    | Noticed Saint Roka
 21924 | Orc:2    | HP: 3/107 [orc priest/divine providence[Saint Roka] (12)]
 22051 | Orc:2    | Found a roughly hewn altar of Beogh.
 22072 | Orc:2    | Found Holugoo's Gadget Emporium.
 22186 | Orc:2    | Banished Saint Roka
 22186 | Orc:2    | Reached skill level 15 in Fighting
 22186 | Orc:2    | Reached skill level 1 in Dodging
 22321 | Orc:2    | Found Sacyqob's Antique Armour Shoppe.
 22327 | Orc:2    | Found a roughly hewn altar of Beogh.
 22330 | Orc:2    | Found Zitab's Antique Weapon Emporium.
 22342 | Orc:2    | Bought a smoking plate armour for 840 gold pieces
 22352 | Orc:2    | Identified the +4 plate armour of Ojougu {-Tele rF+ MR+
                  | Int+2 SInv} (You bought it in a shop on level 2 of the
                  | Orcish Mines)
 22538 | Orc:2    | Found Huuceoch's Food Boutique.
 22543 | Orc:2    | Bought a ration for 50 gold pieces
 22543 | Orc:2    | Bought a ration for 50 gold pieces
 22543 | Orc:2    | Bought a ration for 50 gold pieces
 22543 | Orc:2    | Bought a ration for 50 gold pieces
 22600 | Elf:1    | Entered Level 1 of the Elven Halls
 22758 | Elf:1    | Identified the Disquisition on Attacks
 23550 | Elf:1    | Identified the Grimoire of Poison
 23588 | Elf:1    | Learned a level 5 spell: Bolt of Magma
 23987 | Elf:2    | Found a frozen archway.
 23993 | Elf:2    | Noticed Agnes
 24122 | Elf:2    | Corrupted Elf:2
 24122 | Elf:2    | Noticed a tentacled starspawn
 24122 | Elf:2    | Noticed a tentacled starspawn
 24122 | Elf:2    | Noticed a lich
 24159 | Elf:2    | Found a ruined gateway.
 24214 | Elf:2    | Killed Agnes
 24292 | Elf:2    | Found a runed gate.
 24292 | Elf:2    | Found a runed gate.
 24293 | Elf:2    | Found a runed gate.
 24309 | Elf:2    | Reached XP level 17. HP: 35/113 MP: 26/26
 24416 | Elf:2    | Found a white marble altar of Elyvilon.
 24416 | Elf:2    | Found a glowing silver altar of Zin.
 24418 | Elf:2    | Found a glowing golden altar of the Shining One.
 24423 | Desolati | Entered the Desolation of Salt
 24619 | Desolati | Corrupted Desolation
 24626 | Desolati | Noticed a Hell Sentinel
 24710 | Desolati | Got a shimmering turquoise ring
 24714 | Desolati | Identified the Disquisition on Battle Magic
 24942 | Desolati | Got a transparent wooden ring
 24943 | Desolati | Identified the Disquisition on Clay
 24948 | Desolati | Identified the Incunabulum of Damaging Transmigration
 24988 | Desolati | Reached skill level 5 in Dodging
 25150 | Elf:2    | HP: 4/113 [+2 long sword of flaming (2)]
 25324 | Elf:1    | Identified a scroll of acquirement
 25325 | Elf:1    | Got a slimy amber ring
 25327 | Elf:1    | Identified the ring "Nuseliup" {EV+3 Dex+3 SInv} (You found
                  | it in the Desolation of Salt)
 25329 | Elf:1    | Identified the ring "Dehitan" {+Fly rElec MR++ Dex+2} (You
                  | found it in the Desolation of Salt)
 25331 | Elf:1    | Identified the ring "Pucvyl" {+Blink AC+2 Str-3 Int+8
                  | Slay-3} (You acquired it on level 1 of the Elven Halls)
 25386 | Elf:2    | Noticed Azrael
 25403 | Elf:2    | Killed Azrael
 25425 | Elf:2    | Got a spiked scale mail
 25501 | Elf:2    | Reached skill level 18 in Maces & Flails
 25756 | Elf:2    | HP: 4/113 [deep elf mage/bolt of fire (11)]
 26443 | Elf:2    | Identified the +4 scale mail of Disguise {rC+ Int+3} (You
                  | found it on level 2 of the Elven Halls)
 26462 | Elf:3    | Entered Level 3 of the Elven Halls
 26852 | Elf:3    | Corrupted Elf:3
 27070 | Elf:2    | Got a slimy scale mail
 27081 | Elf:2    | Identified the +1 scale mail "Maukaof" {rC+ Str+2} (You
                  | found it on level 2 of the Elven Halls)
 27292 | Elf:3    | Identified the +4 flail "Ypaisch" {crush, Stlth+}
 27300 | Elf:3    | Reached skill level 15 in Invocations
 27686 | Elf:3    | Noticed a deep elf master archer
 27686 | Elf:3    | Noticed a deep elf blademaster
 27691 | Elf:3    | Noticed a deep elf blademaster
 27691 | Elf:3    | Noticed a deep elf master archer
 27726 | Elf:2    | Killed a deep elf blademaster
 27726 | Elf:2    | Reached XP level 18. HP: 89/119 MP: 29/29
 27748 | Elf:2    | Killed a deep elf blademaster
 27921 | Elf:3    | Killed a deep elf master archer
 28049 | Elf:3    | Identified the ring "Vokhoboa" {+Fly rPois rF- AC+3 Str+3
                  | Stlth+}
 28570 | Elf:3    | Escaped the Abyss
 28574 | Elf:3    | Lost mutation: You have a pair of small antennae on your
                  | head. [potion of mutation]
 28574 | Elf:3    | Lost mutation: You are somewhat resistant to further
                  | mutation. [potion of mutation]
 28574 | Elf:3    | Lost mutation: You have large cloven feet. [potion of
                  | mutation]
 28574 | Elf:3    | Gained mutation: You are clumsy. (Dex -2) [potion of
                  | mutation]
 28574 | Elf:3    | Gained mutation: Potions are less effective at restoring
                  | your health. [potion of mutation]
 28574 | Elf:3    | Gained mutation: You tend to lose your temper in combat.
                  | [potion of mutation]
 28574 | Elf:3    | Gained mutation: Your muscles are strong. (Str +2) [potion
                  | of mutation]
 28610 | Elf:3    | Killed a deep elf master archer
 28813 | Elf:3    | Killed from afar by a deep elf sorcerer

Vault maps used:
D:1:      dpeg_arrival_another_circle
D:2:      zin_purify, chequers_ecumenical_altar_simple
D:3:      nicolae_dithmenos_through_a_glass_darkly,
          nicolae_qazlal_style_of_elements, okawaru_ov_weapons_minmay,
          gup_sewer_entry_bowl, uniq_natasha
D:4:      old_standard_altar, yredelemnul_forgotten_temple_becter,
          ashenzari_conservatory_becter
D:5:      lemuel_blue_sif_altar, nicolae_overflow_crystal_walls,
          nemelex_xobeh_ov_fountains_minmay, first_ration, serial_rivers,
          chequers_serial_rivers_large_a, chequers_serial_rivers_marsh,
          chequers_serial_rivers_micro_a, chequers_serial_rivers_small_a,
          chequers_serial_rivers_marsh, chequers_serial_rivers_micro_c
D:6:      serial_shops, nicolae_shop_stone, kennysheep_generic_room_14,
          uniq_eustachio, uniq_edmund
D:7:      grunt_gozag_statues, minmay_temple_entry_trees, uniq_menkaure,
          uniq_prince_ribbit1
D:8:      minmay_gate_of_8, serial_shops, nicolae_shop_behind_doors
D:9:      minmay_angry_zag, lemuel_crystal_altar, basic_altar, uniq_harold,
          uniq_grum
D:10:     the_bakery, grunt_ministairs_2, kb_rosetta
D:11:     due_lair_maze_entry_diamond, uniq_snorg
D:12:     zombieorc2_lemuel, serial_ice, serial_ice_e, serial_ice_m,
          serial_ice_a, serial_ice_c, serial_ice_n, serial_ice_j, serial_ice_o,
          serial_ice_b, minmay_gold_behind_fungi, kennysheep_diamond,
          chequers_serial_rivers_room_b
D:13:     david_vaults_2, uniq_josephine
D:14:     minmay_blocking_statues, grunt_decor_one_mirror, hangedman_ru_absence
D:15:     grunt_enter_depths_giant_problem, nicolae_lava_and_water, spider_trap
Lair:1:   dpeg_stationary_puzzle, uniq_joseph
Lair:2:   spider_nest_entry_webs, infiniplex_staircase_pool,
          serial_bayou_shore_a, lemuel_fruit_tree, uniq_urug
Lair:3:   minmay_shoals_entry_hut
Lair:4:   grunt_megastairs_1, uniq_rupert
Lair:5:   bobbens_ice_dragon_lair, minmay_lair_oklob_chamber
Lair:6:   minmay_lair_end_enchanted_forest, nicolae_slime_entry_slimehenge,
          lemuel_another_geyser
Orc:1:    abandoned_shop, mines3_lemuel, uniq_fannar
Orc:2:    grunt_orc_community_town_hall, grunt_orc_community_big_house_2,
          grunt_orc_community_big_house_2, grunt_orc_community_house_3,
          grunt_orc_community_house_2, grunt_orc_community_house_1,
          grunt_orc_community_house_3, serial_shops, nicolae_shop_trees,
          basic_altar
Elf:1:    minmay_elf_annihilation, minivault_26, hangedman_research_toxicology
Elf:2:    portal_ice_cave_entry_pillars_1, portal_desolation_entry_holy_temple,
          uniq_azrael, uniq_agnes
Elf:3:    grunt_elf_hall_asides, special_room, uniq_louise
Abyss:1:  guppyfry_abyss_exit_glass_guarded, hangedman_cross_veins
Sewer:    sewer_co_tree

Skill      XL: |  1  2  3  4  5  6  7  8  9 10 11 12 13 14 15 16 17 18 |
---------------+-------------------------------------------------------+-----
Fighting       | 4 5 6 7 8 10 11 13 15 | 15.0
Maces & Flails | 3 4 6 7 9 11 13 14 15 16 17 18 | 18.3
Invocations    | 3 7 9 10 11 13 15 | 15.8
Armour         | 3 6 10 14 15 | 15.3
Dodging        | 4 7 8 |  8.5
Evocations     | |  0.4

Action                   |  1- 3 |  4- 6 |  7- 9 | 10-12 | 13-15 | 16-18 || total
-------------------------+-------+-------+-------+-------+-------+-------++-------
Melee: Mace              |    81 |   223 |    67 |       |       |       ||   371
       Kick              |       |     8 |   108 |   275 |   711 |   666 ||  1768
       Flail             |       |       |   304 |    69 |       |       ||   373
       Quarterstaff      |       |       |       |   576 |  1369 |  1397 ||  3342
Invok: Banish            |       |       |       |     3 |       |     1 ||     4
       Bend Space        |       |       |       |       |     2 |    20 ||    22
       Corrupt           |       |       |       |       |       |     3 ||     3
       Depart the Abyss  |       |       |       |       |       |     1 ||     1
       Enter the Abyss   |       |       |       |       |       |     1 ||     1
 Abil: Fly               |       |       |       |       |     1 |       ||     1
Evoke: Wand              |       |     4 |       |     2 |       |     1 ||     7
  Use: Scroll            |       |     5 |    16 |    10 |    13 |    19 ||    63
       Potion            |       |     3 |     1 |     6 |     1 |    21 ||    32
 Stab: Sleeping          |       |       |       |     1 |       |       ||     1
       Invisible         |       |       |       |       |     8 |       ||     8
       Distracted        |       |       |       |       |       |     3 ||     3
       Fleeing           |       |       |       |       |       |     1 ||     1
  Eat: Chunk             |       |     5 |    14 |    15 |    32 |    23 ||    89
       Ration            |       |       |       |     1 |       |     3 ||     4
Armor: Leather armour    |     6 |       |    69 |   132 |       |       ||   207
       Ring mail         |    69 |   100 |   106 |       |       |       ||   275
       Skin              |       |    35 |       |       |       |       ||    35
       Troll leather arm |       |       |       |   273 |    76 |       ||   349
       Chain mail        |       |       |       |       |  1001 |  1019 ||  2020
Dodge: Dodged            |    65 |   137 |   173 |   404 |   592 |   868 ||  2239

Table legend:
 A = Non-vault XP
 B = Vault XP
 C = Vault XP percentage of total XP
 D = Non-vault monster count
 E = Vault monster count
 F = Vault count percentage of total count
                 A         B        C        D         E       F
            +---------+---------+-------+---------+---------+-------
      Total |  141718 |  125313 |  46.9 |     606 |     384 |  38.8
            +---------+---------+-------+---------+---------+-------
        D:1 |      36 |       0 |   0.0 |      18 |       0 |   0.0
        D:2 |     100 |       0 |   0.0 |      24 |       0 |   0.0
        D:3 |      46 |      38 |  45.2 |      16 |       3 |  15.8
        D:4 |     392 |       1 |   0.3 |       8 |       1 |  11.1
        D:5 |     313 |       0 |   0.0 |      17 |       0 |   0.0
        D:6 |     937 |     427 |  31.3 |      12 |       3 |  20.0
        D:7 |     793 |     431 |  35.2 |      20 |       2 |   9.1
        D:8 |    1191 |    3335 |  73.7 |      21 |       8 |  27.6
        D:9 |    1076 |    1668 |  60.8 |      19 |      10 |  34.5
       D:10 |    3186 |    3051 |  48.9 |      16 |      10 |  38.5
       D:11 |    5138 |    1671 |  24.5 |      21 |      13 |  38.2
       D:12 |    5369 |    3217 |  37.5 |      41 |      53 |  56.4
       D:13 |    6291 |    4429 |  41.3 |      22 |       8 |  26.7
       D:14 |    8506 |    8462 |  49.9 |      17 |      19 |  52.8
       D:15 |   11696 |    1701 |  12.7 |      27 |       1 |   3.6
     Lair:1 |    5519 |     589 |   9.6 |      23 |       3 |  11.5
     Lair:2 |    3119 |    1272 |  29.0 |      13 |       3 |  18.8
     Lair:3 |    2409 |     268 |  10.0 |      11 |       1 |   8.3
     Lair:4 |    4983 |    2721 |  35.3 |      15 |       1 |   6.2
     Lair:5 |    4912 |    2051 |  29.5 |      20 |       8 |  28.6
     Lair:6 |   20504 |    8816 |  30.1 |      60 |      48 |  44.4
      Orc:1 |    4320 |    1534 |  26.2 |      30 |       2 |   6.2
      Orc:2 |    3167 |    9138 |  74.3 |      44 |      68 |  60.7
      Elf:1 |   10106 |   10409 |  50.7 |      18 |      20 |  52.6
      Elf:2 |   13007 |   33248 |  71.9 |      22 |      34 |  60.7
      Elf:3 |   16691 |   15749 |  48.5 |      25 |      13 |  34.2
    Abyss:1 |    7911 |       0 |   0.0 |      26 |       0 |   0.0
      Sewer |       0 |     614 | 100.0 |       0 |      28 | 100.0
 Desolation |       0 |   10473 | 100.0 |       0 |      24 | 100.0
            +---------+---------+-------+---------+---------+-------
